 Dungeon Crawl Stone Soup version 0.32-a0-818-gb728d0252e (webtiles) character file.

Game seed: 16351553402345095612

1799 pokeman the Thaumaturge (level 8, 0/43 (44) HPs)
             Began as a Deep Elf Hedge Wizard on Mar 24, 2024.
             Slain by a wight
             ... wielding a +2 war axe
              (13 damage)
             ... on level 7 of the Dungeon.
             The game lasted 00:13:31 (6685 turns).

pokeman the Thaumaturge (Deep Elf Hedge Wizard)     Turns: 6685, Time: 00:13:32

HP:   0/43 (44)     AC:  5    Str:  7    XL:     8   Next: 83%
MP:   20/25         EV: 12    Int: 22    God:
Gold: 276           SH:  0    Dex: 14    Spells: 19/29 levels left

rFire   . . .        t - +1 scythe (freeze)
rCold   + . .        (shield currently unavailable)
rNeg    . . .        b - +0 robe
rPois   .            C - +2 helmet
rElec   .            F - scarf {repulsion}
rCorr   +            (no gloves)
SInv    .            (no boots)
Will    .....        (no amulet)
Stlth   ++           g - ring of resist corrosion
HPRegen 0.27/turn    l - ring of protection from cold
MPRegen 0.19/turn

%: repel missiles
@: lightly drained
A: no striking features
a: no special abilities


You were on level 7 of the Dungeon.
You visited 2 branches of the dungeon, and saw 8 of its levels.

You collected 395 gold pieces.
You spent 119 gold pieces at shops.

Inventory:

Hand Weapons
 t - a +1 scythe of freezing (weapon)
 y - a +3 quarterstaff of chaos
Armour
 b - a +0 robe (worn)
 q - a +0 buckler
 z - a +1 cloak
 C - a +2 helmet (worn)
 F - a scarf of repulsion (worn)
Jewellery
 g - a ring of resist corrosion (left hand)
 l - a ring of protection from cold (right hand)
 u - a +6 ring of strength
Scrolls
 c - a scroll of revelation
 f - 2 scrolls of poison {unknown}
 i - 3 scrolls of fog {unknown}
 j - a scroll of immolation {unknown}
 p - 2 scrolls of noise
 r - 3 scrolls of enchant armour {unknown}
 s - a scroll of silence {unknown}
 v - a scroll of blinking {unknown}
 w - 2 scrolls of identify {unknown}
 A - a scroll of amnesia {unknown}
 D - a scroll of fear {unknown}
 E - a scroll of teleportation {unknown}
Potions
 a - 4 potions of heal wounds {unknown}
 d - a potion of magic
 e - 4 potions of curing {unknown}
 h - 2 potions of enlightenment {unknown}
 k - 2 potions of lignification {unknown}
 m - 2 potions of mutation {unknown}
 n - 2 potions of degeneration {unknown}
 o - a potion of invisibility {unknown}
 x - a potion of berserk rage {unknown}
 B - a potion of haste {unknown}


   Skills:
 - Level 2.0 Fighting
 - Level 2.0 Armour
 - Level 3.0 Dodging
 - Level 3.0 Stealth
 + Level 1.7 Shields
 * Level 11.0 Spellcasting
 + Level 5.4 Conjurations
 - Level 1.1 Summonings
 - Level 1.1 Translocations
 + Level 3.6 Ice Magic
 - Level 2.1 Air Magic
 - Level 1.1 Alchemy


You had 19 spell levels left.
You knew the following spells:

 Your Spells              Type           Power      Damage    Failure   Level
a - Magic Dart            Conj           100%       1d8       1%          1
b - Mephitic Cloud        Conj/Alch/Air  24%        N/A       4%          3
c - Call Imp              Summ           32%        N/A       5%          2
d - Blink                 Tloc           32%        N/A       5%          2
e - Ensorcelled Hibernat  Hex/Ice        40%        N/A       3%          2

Your spell library contained the following spells:

 Spells                   Type           Power      Damage    Failure   Level
 Static Discharge         Conj/Air       56%        3-6/arc   1%          2
 Slow                     Hex            48%        N/A       5%          1
 Cigotuvi's Dreadful Rot  Necr/Alch/Air  32%        N/A       5%          2
 Lesser Beckoning         Tloc           32%        N/A       5%          2
 Dazzling Flash           Conj/Hex       48%        N/A       5%          3
 Gell's Gravitas          Tloc           16%        N/A       11%         3
 Teleport Other           Tloc           16%        N/A       11%         3
 Fugue of the Fallen      Necr           12%        N/A       16%         3
 Airstrike                Air            10%        2d(2-18)  22%         4
 Summon Lightning Spire   Summ/Air       19%        N/A       28%         4
 Anguish                  Hex/Necr       6%         N/A       47%         4
 Silence                  Hex/Air        8%         N/A       69%         5
 Curse of Agony           Necr           12%        N/A       83%         5


Dungeon Overview and Level Annotations

Branches:
Dungeon (7/15)             Temple (1/1) D:5

Altars:
Ashenzari
Cheibriados
Dithmenos
Elyvilon
Gozag
Hepliaklqana
Makhleb
Nemelex Xobeh
Okawaru
Qazlal
Trog
Uskayaw
Xom
Zin
The Shining One
Beogh
Lugonu

Shops:
D:4 *   D:6 =?[

Annotations:
D:3 3 runed translucent doors, Patrick2011b's ghost, amateur DsEE
D:7 2 transporters


Message History

The wight attacks as it pursues you! The wight barely misses you.
The wight attacks as it pursues you!
The wight hits you with a +0 short sword.
Your cerulean imp barely misses the wight.
Casting: Call Imp (safe; 5% risk of failure)
Confirm with . or Enter, or press ? or * to list all spells.
You blink.
A wight comes into view. It is wielding a +0 spear.
Your cerulean imp hits the wight but does no damage.
The wight attacks as it pursues you! The wight hits you with a +0 flail!
* * * LOW HITPOINT WARNING * * *
The wight attacks as it pursues you! The wight misses you.
Your cerulean imp barely misses the wight.
The wight attacks as it pursues you! The wight barely misses you.
You feel ready to blink again. The wight attacks as it pursues you!
The wight closely misses you.
Casting: Blink (safe; 5% risk of failure)
Confirm with . or Enter, or press ? or * to list all spells.
You blink.
A wight comes into view. It is wielding a +2 war axe.
The wight closely misses you.
The wight hits you from afar with a +0 spear.
* * * LOW HITPOINT WARNING * * *
The wight attacks as it pursues you! The wight closely misses you.
The wight completely misses you. The wight attacks as it pursues you!
The wight misses you. The wight attacks as it pursues you!
The wight hits you but does no damage.
You feel ready to blink again. The wight attacks as it pursues you!
The wight barely misses you.
Casting: Blink (safe; 5% risk of failure)
Confirm with . or Enter, or press ? or * to list all spells.
A tiny devil pulls itself out of the air.
The wight hits you but does no damage.
Unknown command.
You swap places.
The wight hits your cerulean imp with a +0 short sword.
Your cerulean imp closely misses the wight.
The wight misses your cerulean imp. The wight attacks as it pursues you!
The wight hits you with a +2 war axe!
You die...

###.#~~.©.~~#
#.###...###
######.........#
...#..........#
#.#..........##.$
#................
#............##.[
#........##### #
#@z......#
#..#z....##
##5##.....########
#..zzz............
##########..######
......#..###
#####.##...###
#.......[#
#.........


You could see 3 wights and a friendly cerulean imp (summoned).

Vanquished Creatures
  Sigmund (D:4)
  A water moccasin (D:5)
  Duvessa (D:5)
  An orc warrior (D:6)
  2 ogres
  2 phantoms
  2 bullfrogs (D:6)
  A kobold brigand (D:5)
  3 scorpions
  Dowan (D:5)
  4 jellies
  3 hounds (D:5)
  An orc priest (D:3)
  Crazy Yiuf (D:4)
  Terence (D:2)
  2 iguanas
  2 orc wizards (D:6)
  7 adders
  A white imp (D:6)
  A dart slug (D:1)
  2 ribbon worms
  15 orcs
  8 ball pythons
  7 endoplasms
  3 giant cockroaches (D:2)
  8 hobgoblins
  8 jackals
  21 kobolds
  4 quokkas
  5 bats
  2 frilled lizards
  6 goblins
  10 rats
137 creatures vanquished.

Vanquished Creatures (collateral kills)
  A sleepcap (D:5)
  A ribbon worm (D:2)
2 creatures vanquished.

Grand Total: 139 creatures vanquished

Notes
Turn   | Place    | Note
-------+----------+-------------------------------------------
     0 | D:1      | pokeman the Deep Elf Hedge Wizard began the quest for the
                  | Orb.
     0 | D:1      | Reached XP level 1. HP: 10/10 MP: 7/7
   315 | D:1      | Reached XP level 2. HP: 13/15 MP: 1/9
   784 | D:1      | Reached skill level 5 in Spellcasting
   962 | D:1      | Reached XP level 3. HP: 20/20 MP: 5/11
   966 | D:1      | Learned a level 3 spell: Mephitic Cloud
   969 | D:1      | Learned a level 2 spell: Call Imp
   972 | D:1      | Learned a level 2 spell: Blink
  1508 | D:2      | Noticed Terence
  1532 | D:2      | Killed Terence
  1533 | D:2      | Reached skill level 1 in Fighting
  1533 | D:2      | Reached skill level 1 in Armour
  1533 | D:2      | Reached XP level 4. HP: 20/25 MP: 7/13
  2398 | D:3      | Reached skill level 6 in Spellcasting
  2398 | D:3      | Reached XP level 5. HP: 29/29 MP: 6/15
  3017 | D:3      | Found a runed translucent gate.
  3017 | D:3      | Found a runed translucent gate.
  3017 | D:3      | Found a runed translucent gate.
  3021 | D:3      | Noticed Patrick2011b's ghost (amateur DsEE)
  3023 | D:3      | Identified the +1 whip "Goren" {heavy, rN+ Int+6}
  3240 | D:3      | Found a roughly hewn altar of Beogh.
  3288 | D:4      | Noticed Sigmund
  3310 | D:4      | Killed Sigmund
  3311 | D:4      | Reached skill level 8 in Spellcasting
  3311 | D:4      | Reached XP level 6. HP: 34/34 MP: 13/19
  3355 | D:4      | Found Gozag's Platinum Reserve.
  3356 | D:4      | Found an opulent altar of Gozag.
  3571 | D:4      | Found a hazy altar of Hepliaklqana.
  4220 | D:4      | Found a runed translucent door.
  4221 | D:4      | Noticed Crazy Yiuf
  4232 | D:4      | Killed Crazy Yiuf
  4233 | D:4      | Reached skill level 1 in Air Magic
  4305 | D:5      | Entered Level 5 of the Dungeon
  4326 | D:4      | Reached skill level 1 in Shields
  4326 | D:4      | Reached XP level 7. HP: 23/38 MP: 4/20
  4444 | D:5      | Noticed Duvessa
  4444 | D:5      | Noticed Dowan
  4457 | D:5      | Killed Dowan
  4460 | D:5      | Killed Duvessa
  4461 | D:5      | Reached skill level 1 in Alchemy
  4466 | D:5      | Learned a level 2 spell: Ensorcelled Hibernation
  4732 | D:5      | Reached skill level 9 in Spellcasting
  4849 | D:5      | Reached skill level 1 in Ice Magic
  5112 | D:5      | Found a staircase to the Ecumenical Temple.
  5120 | Temple   | Entered the Ecumenical Temple
  5146 | D:5      | Reached XP level 8. HP: 27/44 MP: 12/23
  5158 | D:5      | Reached skill level 10 in Spellcasting
  5551 | D:6      | Noticed an animated shadow dragon scales
  5551 | D:6      | Noticed an animated gold dragon scales
  5551 | D:6      | Found Meutezaj's Armour Shop.
  5560 | D:6      | Found Buex's Magic Scroll Shop.
  5570 | D:6      | Bought a scroll of noise for 14 gold pieces
  5570 | D:6      | Bought a scroll of revelation for 105 gold pieces
  5841 | D:6      | Found Ocwoaheeqa's Jewellery Boutique.
  5870 | D:6      | Found a shadowy altar of Dithmenos.
  5882 | D:6      | Reached skill level 5 in Conjurations
  5892 | D:6      | Found a burning altar of Makhleb.
  6290 | D:6      | Found a shimmering altar of Xom.
  6304 | D:6      | Found a sparkling altar of Nemelex Xobeh.
  6536 | D:7      | Reached skill level 11 in Spellcasting
  6611 | D:7      | Found a transporter.
  6615 | D:7      | Found a white marble altar of Elyvilon.
  6642 | D:7      | Found a transporter.
  6685 | D:7      | Slain by a wight

Illustrated notes

Levels and vault maps discovered:
D:1:      dpeg_arrival_arbitrary_a, layout_basic, serial_bayou_lagoon_b
D:2:      layout_basic, uniq_terence
D:3:      layout_rooms, biasface_ghost_orc_armoury
D:4:      wad_crossroads, layout_basic, nicolae_gozag_zags_fifth_avenue,
          mainiacjoe_overflow_small_starburst, bh_walls_and_bars, uniq_sigmund,
          uniq_crazy_yiuf_cottage
D:5:      cheibrodos_thug_alley, layout_basic, minmay_temple_entry_water_ring,
          serial_corexii_hall, corexii_hall_statues_u, corexii_hall_statues_i,
          uniq_duvessa
D:6:      layout_loops_ring, nemelex_spade_bored_becter,
          mainiacjoe_overflow_large_starburst, mainiacjoe_overflow_catwalk,
          serial_shops, shop, shop, nicolae_shop_mannequins, lightli_orcish_oven
D:7:      layout_basic, elyvilon_altar_4, corexii_checkpoint
Temple:   corrupted_temple

Skill      XL: |  1  2  3  4  5  6  7  8 |
---------------+-------------------------+-----
Spellcasting   | 5 6 8 9 11 | 11.0
Conjurations   | 2 3 4 5 |  5.4
Fighting       | 1 2 |  2.0
Armour         | 1 2 |  2.0
Stealth        | 3 |  3.0
Dodging        | 3 |  3.0
Air Magic      | 1 2 |  2.1
Shields        | 1 |  1.7
Alchemy        | 1 |  1.1
Ice Magic      | 2 3 |  3.6
Summonings     | |  1.1
Translocations | |  1.1

Action                     |  1- 3 |  4- 6 |  7- 9 || total
---------------------------+-------+-------+-------++-------
  Melee: Dagger            |    27 |    51 |       ||    78
         Halberd           |       |     9 |    69 ||    78
   Cast: Magic Dart        |    91 |   128 |    99 ||   318
         Call Imp          |     2 |     2 |     3 ||     7
         Mephitic Cloud    |     2 |     7 |    15 ||    24
         Blink             |       |     1 |     5 ||     6
         Ensorcelled Hiber |       |       |     1 ||     1
   Stab: Confused          |     2 |     6 |     7 ||    15
         Sleeping          |       |     2 |     1 ||     3
 Armour: Robe              |    13 |    44 |    56 ||   113
  Dodge: Dodged            |    18 |    54 |    62 ||   134

Table legend: (Time is in decaauts)
 A = Elapsed time spent in this place.
 B = Non-inter-level travel time spent in this place.
 C = Inter-level travel time spent in this place.
 D = Time resting spent in this place.
 E = Time spent auto-exploring this place.
 F = Levels seen in this place.
 G = Mean time per level.
                   A        B        C        D        E       F      G
               +--------+--------+--------+--------+--------+-----+--------+
         Total |   6764 |   6626 |    138 |    155 |   5457 |   8 |  845.5 |
       Dungeon |   6763 |   6625 |    138 |    155 |   5457 |   7 |  966.1 |
        Temple |      1 |      1 |      0 |      0 |      0 |   1 |    1.0 |
               +--------+--------+--------+--------+--------+-----+--------+

Top non-repeatable levels by time:
     D:2: 1232 daAuts
     D:5: 1195 daAuts
     D:1: 1152 daAuts
     D:4: 1099 daAuts
     D:6: 992 daAuts
     D:3: 923 daAuts
     D:7: 166 daAuts
  Temple: 1 daAuts
